 Dungeon Crawl Stone Soup version 0.28-a0-413-gde365fb1df (webtiles) character file.

Game seed: 11255888873606370646

21 heikuro the Shield-Bearer (level 3, 29/29 HPs)
             Began as a Formicid Fighter on Sept 8, 2021.
             Was a Follower of Vehumet.
             Quit the game on level 1 of the Dungeon.
             The game lasted 00:01:26 (931 turns).

heikuro the Shield-Bearer (Formicid Fighter)         Turns: 931, Time: 00:01:26

Health: 29/29      AC:  8    Str: 21    XL:     3   Next: 2%
Magic:  3/3        EV:  9    Int:  7    God:    Vehumet [*.....]
Gold:   29         SH:  4    Dex: 10    Spells: 1/2 levels left

rFire   . . .      SeeInvis +   f - +2 short sword (venom)
rCold   . . .      Faith    .   c - +0 buckler
rNeg    . . .      Spirit   .   b - +0 scale mail
rPois   .          Reflect  .   (helmet unavailable)
rElec   .          Harm     .   (no cloak)
rCorr   .          Rampage  .   (no gloves)
Will    .....                   g - +0 pair of boots
Stlth   ..........              (no amulet)
HPRegen 0.09/turn               (no ring)
MPRegen 0.08/turn               (no ring)

@: no status effects
A: permanent stasis, dig shafts and tunnels, antennae 3, four strong arms
a: Dig, Shaft Self, Renounce Religion


You were on level 1 of the Dungeon.
You worshipped Vehumet.
Vehumet was aware of your devotion.
You visited 1 branch of the dungeon, and saw 1 of its levels.

You collected 29 gold pieces.

Inventory:

Hand Weapons
 a - a +0 long sword
 f - a +2 short sword of venom (weapon)
Armour
 b - a +0 scale mail (worn)
 c - a +0 buckler (worn)
 g - a +0 pair of boots (worn)
Scrolls
 h - 2 scrolls of noise {unknown}
 i - 2 scrolls of enchant weapon {unknown}
 k - a scroll of summoning {unknown}
Potions
 d - a potion of might
 e - a potion of curing {unknown}
 j - a potion of berserk rage {unknown}


   Skills:
 + Level 3.5 Fighting
 * Level 2.5 Long Blades
 + Level 3.5 Armour
 + Level 3.9 Shields
 + Level 0.0 Spellcasting


You had one spell level left.
You knew the following spells:

 Your Spells              Type           Power      Damage    Failure   Level
a - Shock                 Conj/Air       0%         1d3       77%         1

Your spell library contained the following spells:

 Spells                   Type           Power      Damage    Failure   Level
 Sublimation of Blood     Necr           0%         N/A       88%         2
 Petrify                  Tmut/Erth      0%         N/A       100%        4
 Irradiate                Conj/Tmut      0%         3d13      100%        5


Dungeon Overview and Level Annotations

Branches:
Dungeon (1/15)

Altars:
Vehumet


Innate Abilities, Weirdness & Mutations

You cannot be hasted, slowed, berserked, paralysed or teleported.
You can dig through walls and to a lower floor.
You have a pair of large antennae on your head. (SInv)
Your four strong arms can wield two-handed weapons with a shield.


Message History

The bat hits you but does no damage.
You miss the bat.
The bat is heavily wounded.
You kill the bat!
You have reached level 3!
Your experience leads to an increase in your attributes!
Increase (S)trength, (I)ntelligence, or (D)exterity?
You feel stronger.
You now have 18 gold pieces (gained 8).
Found a faded altar of an unknown god.
You now have 29 gold pieces (gained 11).
i - 2 scrolls labelled ZEQECV GIXAMEPH (gained 1)
You sense a monster nearby.
No target in view!
No target in view!
No target in view!
A bat comes into view.
You block the bat's attack.
You miss the bat. You block the bat's attack. x2
You hit the bat.
You kill the bat!
No target in view!
No target in view!
No target in view!
You see here a bat corpse.
There is a faded altar of an unknown god here.
You cannot tell which god this altar belongs to.
Convert to them anyway?
Vehumet accepts your prayer! Vehumet welcomes you!
You can now gain magical power from killing.
Vehumet offers you knowledge of Shock.
Memorise Shock, consuming 1 spell level and leaving 1?
Vehumet grants you knowledge of Shock.
You start memorising the spell.
You continue memorising.
You finish memorising.
You add the spell Shock to your library.
Spell assigned to 'a'.
Found 17 poisoned darts.
Found an escape hatch in the floor.
Are you sure you want to abandon this character and quit the game? (Confirm with "yes".)

.#..........#######..............
.................##...>..........
##..........####.##..............
#..........# #.##..............
#..........# #.################
#.....)....# #.# # #.........(#
#.# # #..........# #.# #
#..........# #@# # #..........#
#.# ############ #.# ... ...
..... ..... ......>


There were no monsters in sight!

Vanquished Creatures
  A dart slug (D:1)
  A ball python (D:1)
  An endoplasm (D:1)
  2 hobgoblins (D:1)
  3 jackals (D:1)
  3 bats (D:1)
  A frilled lizard (D:1)
  2 goblins (D:1)
  4 kobolds (D:1)
18 creatures vanquished.

Notes
Turn   | Place    | Note
-------+----------+-------------------------------------------
     0 | D:1      | heikuro the Formicid Fighter began the quest for the Orb.
     0 | D:1      | Reached XP level 1. HP: 18/18 MP: 1/1
    69 | D:1      | Reached XP level 2. HP: 22/24 MP: 2/2
   675 | D:1      | Reached XP level 3. HP: 29/29 MP: 3/3
   712 | D:1      | Found a faded altar of an unknown god.
   779 | D:1      | Became a worshipper of Vehumet
   779 | D:1      | Reached * piety under Vehumet
   779 | D:1      | Offered knowledge of Shock by Vehumet.
   782 | D:1      | Learned a level 1 spell: Shock
   931 | D:1      | Quit the game

Illustrated notes

Levels and vault maps discovered:
D:1:      kennysheep_arrival_seaside, layout_basic, basic_ecumenical_altar,
          chequers_serial_rivers_micro_e

Action                   || total
-------------------------++-------
Melee: Long sword        ||    38
       Short sword       ||    19
Armor: Scale mail        ||    28
Dodge: Dodged            ||    35
Block: Buckler           ||    16

Table legend: (Time is in decaauts)
 A = Elapsed time spent in this place.
 B = Non-inter-level travel time spent in this place.
 C = Inter-level travel time spent in this place.
 D = Time resting spent in this place.
 E = Time spent auto-exploring this place.
 F = Levels seen in this place.
 G = Mean time per level.
                   A        B        C        D        E       F      G
               +--------+--------+--------+--------+--------+-----+--------+
         Total |    942 |    889 |     53 |    191 |    550 |   1 |  942.0 |
       Dungeon |    942 |    889 |     53 |    191 |    550 |   1 |  942.0 |
               +--------+--------+--------+--------+--------+-----+--------+

Top non-repeatable levels by time:
     D:1: 942 daAuts
